 Dungeon Crawl Stone Soup version 0.25.1-8-g42b30a86e7 (webtiles) character file.

Game seed: 14800111161810568120

67039 Erymatos the Severer (level 14, -6/138 HPs)
             Began as a Minotaur Berserker on Dec 1, 2020.
             Was a High Priest of Trog.
             Mangled by a polar bear (47 damage)
             ... on level 6 of the Lair of Beasts.
             The game lasted 00:45:28 (19934 turns).

Erymatos the Severer (Minotaur Berserker)          Turns: 19934, Time: 00:45:42

Health: -6/138     AC: 13    Str: 39    XL:     14   Next: 81%
Magic:  13/13      EV: 12    Int:  6    God:    Trog [*****.]
Gold:   1046       SH:  0    Dex:  9    Spells: 13/13 levels left

rFire    + . .     SeeInvis .   k - +5 broad axe
rCold    . . .     Gourm    .   W - +0 kite shield
rNeg     + . .     Faith    .   h - +1 scale mail {rF+}
rPois    +         Spirit   .   (helmet restricted)
rElec    .         Reflect  .   O - +0 cloak
rCorr    .         Harm     .   (no gloves)
MR       +++..                  b - +0 pair of boots
Stlth    ..........             G - amulet of the acrobat
HPRegen  1.33/turn              i - +6 ring of strength
MPRegen  0.13/turn              B - ring of Starshine {rPois rN+ Str+5 Int+2 Stlth-}

@: sleeping, marked, mesmerised, regenerating
A: retaliatory headbutt, horns 2
a: Berserk, Trog's Hand, Brothers in Arms, Renounce Religion


You were on level 6 of the Lair of Beasts.
You worshipped Trog.
Trog was extremely pleased with you.
You were near starving.

You visited 2 branches of the dungeon, and saw 17 of its levels.
You also visited: Ossuary, Bailey and Volcano.

You collected 1262 gold pieces.
You spent 216 gold pieces at shops.

Inventory:

Hand Weapons
 k - a +5 broad axe (weapon)
 F - a +0 eveningstar of flaming
 V - the +8 great sword of Hataorgh {freeze, rPois MP-9 Dex+4}
   (You found it on level 10 of the Dungeon)

   It has been specially enchanted to freeze those struck by it, causing extra
   injury to most foes and up to half again as much damage against particularly
   susceptible opponents.
   It can also slow down cold-blooded creatures.
   It affects your dexterity (+4).
   It protects you from poison.
   It affects your magic capacity (-9).
 X - a +7 antimagic morningstar
Armour
 b - a +0 pair of boots (worn)
 h - a +1 scale mail of fire resistance (worn)
 K - the +4 ring mail "Leimne" {Dex+2}
   (You found it on level 4 of the Dungeon)

   It affects your dexterity (+2).
 O - a +0 cloak (worn)
 W - a +0 kite shield (worn)
 Z - +0 fire dragon scales
Jewellery
 i - a +6 ring of strength (left hand)
 l - an uncursed ring of protection from cold
 u - the ring "Dumytobe" {rF- rCorr Str+6}
   (You found it on level 1 of the Lair of Beasts)

   [ring of resist corrosion]

   It affects your strength (+6).
   It makes you vulnerable to fire.
   It provides partial protection from all sources of acid and corrosion.
 B - the ring of Starshine (right hand) {rPois rN+ Str+5 Int+2 Stlth-}
   (You found it in an ossuary)

   [ring of attention]

   It affects your strength (+5).
   It affects your intelligence (+2).
   It protects you from poison.
   It protects you from negative energy.
   It makes you less stealthy.
 G - an amulet of the acrobat (around neck)
 J - an uncursed ring of ice
 P - an uncursed amulet of reflection
Wands
 e - a wand of flame (23)
 L - a wand of digging (4)
Scrolls
 a - a scroll of identify
 m - 7 scrolls of enchant weapon
 q - 5 scrolls of fear
 r - 3 scrolls of fog
 v - 4 scrolls of vulnerability
 w - a scroll of blinking {unknown}
 y - 6 scrolls of immolation
 C - 3 scrolls of remove curse
 D - 3 scrolls of enchant armour
 E - 7 scrolls of teleportation
 I - a scroll of acquirement
 T - a scroll of magic mapping
Potions
 d - 5 potions of ambrosia
 g - 8 potions of curing
 j - 3 potions of invisibility
 n - 2 potions of stabbing
 o - 5 potions of lignification
 p - 2 potions of heal wounds
 s - 3 potions of flight
 t - 2 potions of cancellation
 x - 3 potions of might
 z - 3 potions of mutation
 A - 4 potions of resistance
 H - a potion of degeneration {unknown}
 M - 4 potions of brilliance {unknown}
 R - 3 potions of haste {unknown}
 S - 2 potions of berserk rage {unknown}
Comestibles
 c - 19 rations
 f - 11 chunks of flesh


   Skills:
 * Level 16.9 Fighting
 + Level 2.7 Long Blades
 * Level 17.7 Axes
 - Level 1.1(12.0) Maces & Flails
 + Level 12.1 Armour
 + Level 8.7 Dodging
 - Level 4.3 Shields


You had 13 spell levels left.
You didn't know any spells.
Your spell library was empty.

Dungeon Overview and Level Annotations

Branches:
Dungeon (11/15)            Temple (0/1) D:4            Lair (6/6) D:11
  Swamp (0/4) Lair:3       Spider (0/4) Lair:4          Orc (0/2) D:11
Ossuary (visited)          Bailey (visited)         Volcano (visited)
  Slime: Lair:5-6

Altars:
Dithmenos
Elyvilon
Gozag
Nemelex Xobeh
Ru
Sif Muna
Trog
Uskayaw
Vehumet
Wu Jian

Shops:
D:5 ?

Annotations:
D:3 3 runed translucent doors, Gabide's ghost, amateur HuBe; gnacko's ghost, amateur TrFi
D:6 3 runed translucent doors, Gabide's ghost, novice HuGl


Innate Abilities, Weirdness & Mutations

You reflexively headbutt those who attack you in melee.
You have a pair of horns on your head.


Message History

Your iron troll claws the komodo dragon!
Your iron troll claws the komodo dragon!!
The dream sheep ruffle their wool and motes of dream dust sparkle, to no effect.
You block the jelly's attack.
You feel much better.
The pull of its song draws you forwards.
Your troll bites the komodo dragon.
Your troll barely misses the komodo dragon.
Your troll claws the komodo dragon!
The komodo dragon dies!
Trog accepts your kill.
The dream sheep are wreathed in dream dust.
You feel drowsy...
You fall asleep.
The merfolk avatar chants its luring song.
Your deep troll bites the merfolk avatar!
Your deep troll claws the merfolk avatar!!
Your deep troll barely misses the merfolk avatar.
A jelly comes into view.
The polar bear bites you!!!
You die...

#≈≈###≈##≈≈≈≈...P....#.PP.P#
P≈≈≈ ≈P≈#≈P.#...P.......P..#
P≈≈≈≈ #≈≈#.≈..#....##..###
≈≈≈≈≈ #≈≈≈≈..≈##...#####
##..# ##..# P≈##
##...######.#
≈≈≈PP###.P.#...!....
≈≈≈≈mT.@hJ..P.......
#≈##...TT.......##..
#....#YY.##### ≈≈≈k.###J†Y#
≈≈≈≈≈# #.†..Y.# ≈≈##.
#P.F./..# ≈ # #..#.#.Y..
#..###...... ... ..P#..


You could see a merfolk avatar (mesmerising), a wind drake (repels missiles), a
polar bear (berserk), 5 dream sheep, 2 jellies, a friendly iron troll (summoned,
berserk), a friendly deep troll (summoned, berserk) and a friendly troll
(summoned, berserk, corroded).

Vanquished Creatures
  Nessos (Lair:4)
  A fire dragon (Volcano)
  Fannar (Lair:3)
  3 hydras
  A catoblepas (Lair:5)
  Urug (D:10)
  A hell hog (Volcano)
  Sonja (D:10)
  Nergalle (D:11)
  A fire crab (Lair:6)
  A sea snake (Lair:6)
  Pikel (D:7)
  The ghost of SeriousMike the Archer, a novice DEAM of Yredelemnul (D:7)
  A harpy (Lair:6)
  2 ugly things (D:11)
  An oklob plant (Lair:1)
  A cyclops (D:11)
  7 spiny frogs
  Psyche (D:10)
  Joseph (D:9)
  A gargoyle (D:10)
  Maggie (D:6)
  Maurice (D:11)
  2 molten gargoyles (Lair:4)
  A rime drake (Lair:6)
  7 komodo dragons
  A troll (D:9)
  4 polar bears
  A wind drake (Lair:6)
  A hornet (Lair:6)
  16 blink frogs
  10 hippogriffs
  7 dream sheep (Lair:5)
  A tarantella (Lair:4)
  5 wyverns
  37 yaks
  2 basilisks
  A human (D:11)
  A warg (D:11)
  Grum (D:11)
  A hungry ghost (D:8)
  3 hell hounds (Volcano)
  3 swamp worms (Lair:3)
  15 water moccasins
  11 porcupines
  4 sky beasts
  4 slaves (D:7)
  11 orc warriors
  A black bear (D:6)
  3 ogres
  3 ice beasts
  A phantom (D:7)
  23 wolves
  11 centaurs
  15 crocodiles
  2 big kobolds
  19 bullfrogs
  A scorpion (D:4)
  5 wights (D:9)
  3 howler monkeys
  5 lava snakes (Lair:4)
  6 crimson imps
  5 centaur zombies
  3 bullfrog zombies
  2 jellies
  5 orc priests
  2 centaur skeletons
  2 hounds (D:4)
  5 orc wizards
  Jessica (D:2)
  4 iguanas
  4 hell rats (Lair:6)
  7 worker ants
  3 hound zombies
  3 hound skeletons
  16 mummies (Ossuary)
  2 worker ant zombies
  6 gnolls
  A howler monkey skeleton (D:9)
  5 adders
  2 shadow imps
  2 oozes
  4 adder zombies
  An adder skeleton (D:6)
  7 worms
  2 dart slugs
  7 leopard geckos
  53 orcs
  3 ball pythons
  5 bats
  7 giant cockroaches
  6 goblins
  6 hobgoblins
  7 jackals
  9 quokkas
  7 frilled lizards
  2 jackal zombies (Ossuary)
  16 kobolds
  2 leopard gecko zombies (Ossuary)
  2 quokka zombies
  10 rats
  5 fungi
  4 plants
525 creatures vanquished.

Vanquished Creatures (collateral kills)
  Harold (D:8)
  An elephant (Lair:6)
  2 komodo dragons (Lair:6)
  3 polar bears (Lair:6)
  A hell hound (Volcano)
  An orc warrior (Bailey)
  A jelly (Lair:6)
  3 orcs (Bailey)
  A giant cockroach (D:8)
14 creatures vanquished.

Vanquished Creatures (others)
  15 fungi
  7 plants
  2 withered plants (D:3)
24 creatures vanquished.

Grand Total: 563 creatures vanquished

Notes
Turn   | Place    | Note
-------+----------+-------------------------------------------
     0 | D:1      | Erymatos the Minotaur Berserker began the quest for the
                  | Orb.
     0 | D:1      | Reached XP level 1. HP: 19/19 MP: 0/0
   150 | D:1      | Reached skill level 4 in Axes
   150 | D:1      | Reached XP level 2. HP: 27/27 MP: 1/1
   998 | D:2      | Reached XP level 3. HP: 33/33 MP: 2/2
  1006 | D:2      | Noticed a moth of wrath
  1009 | D:2      | Found a bloodstained altar of Trog.
  1070 | D:2      | Noticed Jessica
  1080 | D:2      | Killed Jessica
  1260 | D:2      | Reached skill level 5 in Axes
  1262 | D:2      | Reached XP level 4. HP: 37/41 MP: 3/3
  1561 | D:3      | Reached ** piety under Trog
  1562 | D:3      | Reached skill level 5 in Fighting
  1612 | D:3      | Reached XP level 5. HP: 48/48 MP: 4/4
  1686 | D:3      | Found a runed translucent gate.
  1687 | D:3      | Found a runed translucent gate.
  1687 | D:3      | Found a runed translucent gate.
  1688 | D:3      | Noticed Gabide's ghost (amateur HuBe)
  1689 | D:3      | Noticed gnacko's ghost (amateur TrFi)
  1844 | D:3      | Found an opulent altar of Gozag.
  2143 | D:4      | Reached skill level 6 in Axes
  2348 | D:4      | You fall into a shaft and drop 3 floors!
  2359 | D:7      | Noticed a hippogriff
  2363 | D:7      | Noticed a phantom
  2367 | D:7      | Killed a hippogriff
  2367 | D:7      | Reached skill level 7 in Axes
  2367 | D:7      | Reached XP level 6. HP: 57/57 MP: 5/5
  2391 | D:7      | Reached XP level 7. HP: 38/63 MP: 6/6
  2605 | D:6      | Found a sacrificial altar of Ru.
  2816 | D:6      | Reached skill level 8 in Axes
  2816 | D:6      | Reached skill level 1 in Shields
  3029 | D:6      | Noticed a wyvern
  3034 | D:6      | Killed a wyvern
  3043 | D:6      | Noticed Gabide's ghost (novice HuGl)
  3043 | D:6      | Identified the +4 short sword of Floral Punishment {venom,
                  | *Noise +Rage rPois rN+}
  3044 | D:6      | Found a runed translucent gate.
  3044 | D:6      | Found a runed translucent gate.
  3044 | D:6      | Found a runed translucent gate.
  3045 | D:6      | Noticed a kobold demonologist
  3088 | D:6      | Found a sand-covered staircase.
  3099 | Ossuary  | Entered an ossuary
  3126 | Ossuary  | Reached XP level 8. HP: 57/71 MP: 7/7
  3222 | Ossuary  | Reached skill level 5 in Armour
  3266 | Ossuary  | Reached *** piety under Trog
  3266 | Ossuary  | Reached skill level 9 in Axes
  3428 | Ossuary  | Got a fine jade ring
  3454 | Ossuary  | Identified the ring of Starshine {rPois rN+ Str+5 Int+2
                  | Stlth-} (You found it in an ossuary)
  3572 | D:6      | Reached skill level 10 in Axes
  3792 | D:6      | Noticed Maggie
  3807 | D:6      | Killed Maggie
  3807 | D:6      | Reached XP level 9. HP: 47/79 MP: 8/8
  4022 | D:5      | Entered Level 5 of the Dungeon
  4022 | D:5      | Found a sparkling altar of Nemelex Xobeh.
  4027 | D:5      | Reached **** piety under Trog
  4145 | D:5      | Found Hareuc's Magic Scroll Boutique.
  4150 | D:5      | Bought a scroll of fear for 42 gold pieces
  4150 | D:5      | Bought a scroll of teleportation for 36 gold pieces
  4150 | D:5      | Bought a scroll of identify for 24 gold pieces
  4160 | D:5      | Bought a scroll of identify for 24 gold pieces
  4160 | D:5      | Bought a scroll of identify for 24 gold pieces
  4160 | D:5      | Bought a scroll of identify for 24 gold pieces
  4160 | D:5      | Bought a scroll of immolation for 42 gold pieces
  4189 | D:5      | Found a white marble altar of Elyvilon.
  4336 | D:5      | Found a shadowy altar of Dithmenos.
  5001 | D:4      | Reached skill level 11 in Axes
  5096 | D:4      | Got a glimmering ring mail
  5206 | D:4      | Found a staircase to the Ecumenical Temple.
  5898 | D:4      | Identified the +4 ring mail "Leimne" {Dex+2} (You found it
                  | on level 4 of the Dungeon)
  6086 | D:7      | Found a radiant altar of Vehumet.
  6111 | D:7      | Noticed Pikel
  6112 | D:7      | Found a hide-covered altar of Uskayaw.
  6112 | D:7      | Found a shimmering blue altar of Sif Muna.
  6123 | D:7      | Killed Pikel
  6148 | D:7      | Noticed SeriousMike's ghost (novice DEAM)
  6156 | D:7      | Found a runed translucent door.
  6175 | D:7      | Killed SeriousMike's ghost
  6175 | D:7      | Reached skill level 12 in Axes
  6575 | D:8      | Reached XP level 10. HP: 82/90 MP: 9/9
  6666 | D:8      | Found an ornate altar of the Wu Jian Council.
  6678 | D:8      | Noticed Harold
  6686 | D:8      | Killed Harold
  8051 | D:9      | Found a flagged portal.
  8053 | D:9      | Reached ***** piety under Trog
  8074 | Bailey   | Entered a bailey
  8084 | Bailey   | Reached skill level 13 in Axes
  8693 | Bailey   | Reached skill level 10 in Fighting
  8768 | Bailey   | Reached skill level 5 in Dodging
  9336 | D:9      | Noticed Joseph
  9343 | D:9      | Killed Joseph
  9996 | D:10     | Entered Level 10 of the Dungeon
 10002 | D:10     | Reached XP level 11. HP: 95/101 MP: 10/10
 10019 | D:10     | Noticed Urug
 10035 | D:10     | Killed Urug
 10035 | D:10     | Reached skill level 14 in Axes
 10276 | D:10     | Got a fading great sword
 10277 | D:10     | Identified the +8 great sword of Hataorgh {freeze, rPois
                  | MP-9 Dex+4} (You found it on level 10 of the Dungeon)
 10316 | D:10     | Received a gift from Trog
 10452 | D:10     | Noticed Psyche
 10455 | D:10     | Killed Psyche
 10465 | D:10     | Noticed Sonja
 10474 | D:10     | Killed Sonja
 10474 | D:10     | Reached skill level 1 in Maces & Flails
 11058 | D:11     | Noticed Grum
 11066 | D:11     | Killed Grum
 11066 | D:11     | Noticed a green ugly thing
 11076 | D:11     | Noticed a four-headed hydra
 11079 | D:11     | Noticed Maurice
 11085 | D:11     | Noticed Nergalle
 11088 | D:11     | Killed a green ugly thing
 11097 | D:11     | Killed a nine-headed hydra
 11101 | D:11     | Killed Maurice
 11113 | D:11     | Killed Nergalle
 11129 | D:11     | Found a staircase to the Orcish Mines.
 11228 | D:11     | Reached skill level 15 in Axes
 11405 | D:11     | Reached skill level 10 in Armour
 11415 | D:11     | Reached XP level 12. HP: 94/113 MP: 11/11
 11682 | D:11     | Found a staircase to the Lair.
 11885 | Lair:1   | Entered Level 1 of the Lair of Beasts
 12195 | Lair:1   | Got a shimmering ivory ring
 12204 | Lair:1   | Found a dark tunnel.
 12209 | Volcano  | Entered a volcano
 12221 | Volcano  | Identified the ring "Dumytobe" {rF- rCorr Str+6} (You found
                  | it on level 1 of the Lair of Beasts)
 12263 | Volcano  | Noticed a hell hog
 12269 | Volcano  | Killed a hell hog
 12421 | Volcano  | Noticed a fire dragon
 12428 | Volcano  | Killed a fire dragon
 15134 | Lair:3   | Reached skill level 16 in Axes
 15418 | Lair:3   | Noticed Fannar
 15428 | Lair:3   | Killed Fannar
 15702 | Lair:3   | Noticed a six-headed hydra
 15713 | Lair:3   | Killed a seven-headed hydra
 15713 | Lair:3   | Reached XP level 13. HP: 69/125 MP: 4/12
 16141 | Lair:3   | Found a staircase to the Swamp.
 16430 | Lair:4   | Reached skill level 15 in Fighting
 16565 | Lair:4   | Found a hole to the Spider Nest.
 16615 | Lair:4   | Noticed Nessos
 16634 | Lair:4   | Killed Nessos
 17117 | Lair:4   | Received a gift from Trog
 17511 | Lair:4   | Reached XP level 14. HP: 136/136 MP: 4/13
 17942 | Lair:3   | Identified a scroll of acquirement
 18453 | Lair:5   | Reached skill level 17 in Axes
 18612 | Lair:5   | Found a sparkling altar of Nemelex Xobeh.
 19437 | Lair:6   | Entered Level 6 of the Lair of Beasts
 19689 | Lair:6   | Received a gift from Trog
 19934 | Lair:6   | Mangled by a polar bear

Illustrated notes

Levels and vault maps discovered:
D:1:      erik_arrival_blinker_ship, layout_basic
D:2:      layout_basic, tgw_trog, hangedman_decor_diamond_cutter, uniq_jessica
D:3:      layout_rooms, nicolae_gozag_seed_capital, first_ration,
          gammafunk_ghost_cemetery
D:4:      minmay_recursive_quarters, layout_basic, minmay_temple_entry_tees
D:5:      layout_loops_corners, overflow_temple_1_default, lemuel_crystal_altar,
          overflow_temple_1_default, serial_shops, kennysheep_little_box,
          minmay_misc_feat_rugged, bh_walls_and_bars
D:6:      layout_layer_cave, marbit_many_paths, gammafunk_ghost_nasty_kobolds,
          enter_ossuary_1, skrybe_limestone_x, uniq_maggie
D:7:      layout_basic, vehumet_altar_wand_db,
          chequers_temple_overflow_statue_of_worship,
          hellmonk_ghost_happy_afterlife, uniq_pikel
D:8:      layout_layer_cave, nicolae_overflow_crystal_walls, uniq_harold
D:9:      layout_long_grid, enter_bailey_3, uniq_joseph
D:10:     layout_loops_ring, uniq_psyche, uniq_sonja, uniq_urug
D:11:     layout_rooms, lair_entry_dummy, erik_orc_4, uniq_nergalle,
          uniq_maurice, uniq_grum
Lair:1:   layout_cave_shapes, enter_volcano_1, st_stairs_5, beast_lair_carwin_6,
          minmay_lair_oklob_chamber
Lair:2:   dpeg_oklob_shooting_range, layout_cave_pods, minmay_hedge_maze
Lair:3:   layout_gridlike, palyth_hydra_swamp_entry, uniq_fannar
Lair:4:   cheibrodos_magma_flow, layout_gridlike, spider_nest_entry_rubble,
          st_stairs_13, uniq_nessos
Lair:5:   layout_loops_ring, basic_altar, minivault_19
Lair:6:   gammafunk_lair_ancient_temple, layout_loops_ring,
          nicolae_slime_entry_slimehenge, st_stairs_10

Skill      XL: |  1  2  3  4  5  6  7  8  9 10 11 12 13 14 |
---------------+-------------------------------------------+-----
Fighting       | 4 5 6 7 8 10 12 14 15 16 | 16.9
Axes           | 4 5 7 8 10 12 13 15 16 17 | 17.7
Dodging        | 3 4 5 6 7 8 |  8.7
Armour         | 3 4 6 8 9 10 11 12 | 12.1
Shields        | 1 2 3 4 |  4.3
Maces & Flails | 1 |  1.1
Long Blades    | 2 |  2.7

Action                   |  1- 3 |  4- 6 |  7- 9 | 10-12 | 13-15 || total
-------------------------+-------+-------+-------+-------+-------++-------
Melee: Hand axe          |    58 |    88 |   297 |   518 |       ||   961
       Headbutt          |    10 |    25 |    92 |   167 |    49 ||   343
       Morningstar       |       |       |       |    40 |    83 ||   123
       Eveningstar       |       |       |       |     2 |       ||     2
       Broad axe         |       |       |       |       |   166 ||   166
Invok: Berserk           |     1 |     2 |     1 |    13 |     3 ||    20
       Brothers in Arms  |       |       |       |     3 |     5 ||     8
       Trog's Hand       |       |       |       |     1 |     2 ||     3
  Use: Scroll            |       |       |    15 |     9 |     4 ||    28
       Potion            |       |       |       |     2 |     5 ||     7
 Stab: Sleeping          |     2 |       |       |       |       ||     2
  Eat: Chunk             |     2 |     5 |     8 |    36 |     8 ||    59
       Ration            |       |       |     2 |     2 |     3 ||     7
Armor: Animal skin       |    13 |       |       |       |       ||    13
       Plate armour      |       |    53 |    85 |       |       ||   138
       Ring mail         |       |       |    11 |   104 |     3 ||   118
       Scale mail        |       |       |       |    29 |    68 ||    97
Dodge: Dodged            |    40 |    37 |    98 |   363 |   124 ||   662
Block: Buckler           |       |    12 |    28 |    91 |       ||   131
       Kite shield       |       |       |       |    26 |   148 ||   174
